Map: Emerald City LE

Players

KillEmAll

  • Race: Terran Terran
  • Spawn Location: 11:00

FragEmALL

  • Race: Zerg Zerg
  • Spawn Location: 11:00

qqq - Winner!

  • Race: Zerg Zerg
  • League: Platinum
  • Spawn Location: 5:00

Massa - Winner!

  • Race: Terran Terran
  • League: Platinum
  • Spawn Location: 5:00

VOD

Have the link to the VOD?

Description

Time

  • Played on: Nov. 29, 2020, 11:08 a.m.
  • Length: 21:56
Show
View Real Time Build Order
Export as new Build Order

KillEmAll Terran 

Build Orders: 2 Factory 

Get SALT Encoding   

  12  0:00  SCV  
  13  0:12  SCV  
  14  0:25  SCV  
  15  0:30  Refinery  
  15  0:32  Supply Depot  
  15  0:56  Refinery  
  15  0:57  Barracks  
  15  1:02  SCV  
  16  1:14  SCV  
  17  1:21  Supply Depot  
  17  1:27  SCV  
  18  1:39  SCV  
  19  1:46  Factory  
  19  1:51  SCV, Marine  
  21  2:03  SCV, Factory  
  22  2:14  Barracks Tech Lab  
  21  2:18  SCV  
  22  2:30  SCV  
  22  2:34  Marine  
  24  2:42  SCV  
  25  2:48  Factory Tech Lab  
  25  2:51  Barracks  
  25  2:52  Factory Tech Lab  
  25  3:05  SCV  
  25  3:15  Cyclone  
  25  3:16  Mag-Field Accelerator  
  25  3:17  Orbital Command  
  28  3:31  Marine  
  29  3:46  Supply Depot  
  29  4:07  Barracks Reactor  
  29  4:08  Cyclone x2, Stimpack  
  35  4:10  SCV  
  35  4:13  Supply Depot  
  36  4:34  Command Center  
  36  4:39  Engineering Bay  
  36  4:47  Siege Tank  
  39  4:53  Marine x2  
  41  5:07  Armory  
  41  5:08  Supply Depot  
  41  5:14  SCV  
  42  5:22  Starport  
  42  5:24  Widow Mine  
  46  5:28  Widow Mine  
  46  5:36  Marine x2  
  48  5:43  Refinery  
  48  5:48  SCV, Missile Turret  
  49  5:58  Orbital Command  
  49  6:01  Starport Reactor  
  49  6:09  Refinery  
  49  6:11  Starport  
  49  6:18  SCV  
  49  6:25  SCV  
  51  6:28  Siege Tank  
  54  6:35  SCV  
  54  6:37  Medivac x2  
  59  6:43  Siege Tank  
  59  6:46  Marine x2  
  64  6:51  Starport Tech Lab  
  64  6:57  SCV x2  
  64  6:59  Missile Turret  
  66  7:08  Siege Tank  
  69  7:09  SCV  
  70  7:23  Missile Turret  
  70  7:29  Supply Depot  
  70  7:47  Supply Depot  
  70  7:50  Marine x3  
  70  7:51  SCV x2  
  75  7:58  Raven  
  75  8:03  SCV  
  78  8:09  SCV, Thor  
  85  8:14  Supply Depot  
  85  8:15  SCV  
  85  8:17  Supply Depot  
  86  8:21  Combat Shield  
  86  8:27  Missile Turret  
  86  8:34  Smart Servos  
  86  8:36  Marine, Thor  
  86  8:37  Marine  
  86  8:38  Marine  
  86  8:40  Supply Depot  
  95  8:42  Supply Depot  
  95  8:43  SCV  
  96  8:55  Thor  
  102  9:12  Supply Depot  
  102  9:18  Thor  
  102  9:20  Factory  
  108  9:26  SCV  
  108  9:27  SCV  
  110  9:35  Command Center  
  110  9:40  Widow Mine  
  110  9:41  Marine x3  
  115  9:47  Missile Turret  
  115  9:52  Supply Depot  
  115  9:58  Medivac x2  
  115  9:59  Raven  
  121  10:01  SCV  
  121  10:03  SCV  
  123  10:07  Factory Tech Lab  
  123  10:19  Widow Mine  
  125  10:21  Thor  
  125  10:26  Barracks  
  131  10:47  Refinery  
  131  10:48  Missile Turret  
  131  10:51  Refinery  
  131  10:54  Thor  
  137  11:03  SCV x2  
  139  11:09  Raven  
  141  11:15  SCV  
  63  11:44  Marine  
  63  11:48  Thor x2  
  63  11:49  Thor  
  63  11:51  Barracks Reactor  
  63  11:52  Marine x2  
  81  12:01  Orbital Command  
  81  12:02  Marine  
  81  12:03  Refinery, SCV x2  
  84  12:09  Marine, Medivac x2  
  84  12:10  Marine  
  84  12:15  SCV x2  
  92  12:27  SCV  
  92  12:29  Marine  
  93  12:30  Marine x3  
  93  12:31  Marine, Siege Tank  
  101  12:47  Marine x2  
  101  12:48  SCV x2, Marine  
  106  12:54  SCV  
  107  13:00  SCV x2  
  107  13:01  Thor x2  
  107  13:02  Marine x2  
  107  13:05  Marine x3  
  123  13:06  SCV, Medivac x2  
  123  13:07  Raven  
  123  13:12  SCV  
  134  13:15  SCV  
  134  13:18  SCV  
  136  13:20  Marine x2  
  136  13:21  Siege Tank  
  136  13:23  Marine  
  136  13:25  Terran Infantry Weapons Level 1, Supply Depot  
  142  13:31  Terran Vehicle Weapons Level 1, Supply Depot  
  142  13:37  SCV  
  143  13:46  Thor  
  143  13:48  Siege Tank  
  152  13:49  Marine x5  
  152  13:53  Supply Depot  
  152  13:54  Supply Depot  
  157  13:58  SCV x2  
  157  13:59  SCV  
  160  14:15  Marine x2, Thor  
  160  14:16  Marine x3, Supply Depot x2  
  171  14:32  Siege Tank  
  174  14:49  Command Center  
  174  14:52  Thor  
  180  14:54  Marine x4  
  183  15:16  Thor x2  
  183  15:17  Marine x2  
  183  15:20  Supply Depot  
  183  15:21  Supply Depot  
  197  15:22  Terran Infantry Armor Level 1  
  197  15:26  Terran Vehicle And Ship Armor Level 1  
  197  15:38  Marine  
  127  16:00  Marine x4  
  104  16:08  Marine  
  104  16:12  Thor x3  
  104  16:13  Medivac x2  
  104  16:17  Orbital Command, Marine  
  127  16:20  SCV x2  
  127  16:21  Refinery, SCV  
  130  16:31  Marine  
  130  16:32  Marine x3  
  132  16:35  Marine  
  132  16:36  SCV x2  
  137  16:48  Refinery  
  137  16:51  Marine  
  137  16:52  Marine x2  
  140  16:59  SCV x2  
  142  17:02  SCV x2  
  142  17:03  Thor  
  142  17:04  Marine, Thor x2  
  142  17:05  Marine  
  164  17:09  Marine x2  
  164  17:10  Marine  
  164  17:14  Medivac  
  169  17:22  Marine x2  
  169  17:27  Marine x2  
  173  17:46  Siege Tank  
  173  17:47  Siege Tank x2  
  173  17:48  Marine x5  
  187  17:58  Raven  
  189  18:22  Siege Tank x2  
  189  18:23  Marine x2, Siege Tank  
  199  18:51  Marine  
  200  18:58  Terran Vehicle Weapons Level 2  
  200  18:59  Terran Infantry Weapons Level 2  
  194  19:11  Marine x5  
  194  19:12  Thor  
  189  19:44  Thor  
  195  19:46  Marine x4  
  90  20:33  Marine x2  
  90  20:34  Marine  
  79  20:40  Marine x2  
  68  20:51  Marine x2  
  68  20:55  Marine  
  62  20:58  Marine  
  62  20:59  Siege Tank  
  62  21:00  Siege Tank  
  32  21:24  Marine x3  
  24  21:29  Marine  
  24  21:30  Marine  
Show
View Real Time Build Order
Export as new Build Order

FragEmALL Zerg 

Build Orders: Pool First, Brood Lord Corruptor, Lurkers 

Get SALT Encoding   

  12  0:00  Drone  
  13  0:12  Overlord  
  13  0:17  Drone  
  14  0:31  Drone x2  
  16  0:36  Drone  
  17  0:45  Drone  
  18  0:58  Spawning Pool  
  18  0:59  Drone  
  18  1:00  Extractor  
  17  1:08  Drone  
  18  1:20  Hatchery  
  17  1:26  Drone  
  18  1:36  Drone  
  18  1:39  Drone  
  20  1:50  Overlord  
  20  1:56  Queen  
  20  1:57  Baneling Nest  
  21  2:06  Drone  
  22  2:08  Extractor  
  22  2:11  Drone  
  22  2:29  Metabolic Boost  
  22  2:31  Zergling x2  
  22  2:35  Queen  
  26  2:37  Drone x2  
  27  2:53  Lair  
  27  2:56  Drone  
  27  2:57  Drone x3  
  31  3:03  Baneling  
  31  3:04  Baneling  
  31  3:24  Drone x5  
  36  3:34  Overlord  
  36  3:35  Overlord  
  36  3:39  Extractor  
  36  3:40  Extractor  
  34  3:42  Drone x2  
  36  3:52  Drone x2, Pneumatized Carapace  
  36  3:53  Drone x3  
  41  4:03  Spire  
  40  4:16  Drone x3  
  40  4:17  Drone x3  
  46  4:28  Overlord  
  46  4:30  Overlord  
  46  4:31  Overlord  
  47  4:45  Drone x2  
  47  4:46  Drone x2  
  50  4:57  Hatchery  
  49  5:19  Mutalisk, Zerg Flyer Armor Level 1  
  49  5:20  Mutalisk x5  
  61  5:27  Mutalisk  
  63  5:34  Drone  
  63  5:35  Drone x2  
  66  5:36  Mutalisk  
  66  5:38  Overlord  
  66  5:39  Overlord  
  66  5:42  Overlord  
  68  5:50  Drone, Infestation Pit  
  68  6:02  Drone x6  
  74  6:10  Drone  
  75  6:14  Queen  
  77  6:21  Mutalisk x2  
  77  6:22  Mutalisk  
  83  6:26  Hive  
  83  6:33  Extractor  
  83  6:35  Extractor  
  81  6:45  Drone x3  
  81  6:46  Drone x6  
  90  6:51  Spore Crawler  
  89  6:57  Spire  
  88  7:05  Drone x3  
  91  7:17  Drone x4  
  91  7:18  Drone x2  
  97  7:28  Overlord x7  
  97  7:32  Overseer  
  97  7:35  Mutalisk x4  
  105  7:39  Greater Spire  
  105  7:40  Overlord x3  
  105  7:49  Evolution Chamber  
  104  8:07  Corruptor x6  
  104  8:09  Spine Crawler  
  104  8:11  Zerg Flyer Weapons Level 1  
  115  8:30  Spore Crawler  
  114  8:38  Hatchery  
  113  8:54  Zerg Flyer Armor Level 2  
  113  9:00  Extractor  
  110  9:43  Corruptor x7  
  110  9:44  Corruptor x6  
  98  9:58  Viper  
  99  10:00  Drone x4  
  99  10:01  Drone x2, Queen  
  107  10:13  Hydralisk Den, Spore Crawler x2  
  104  10:20  Drone  
  104  10:21  Drone x2  
  107  10:24  Brood Lord x2  
  108  10:45  Brood Lord x2  
  110  10:54  Overlord x2  
  110  10:55  Overlord x3  
  110  10:59  Nydus Network  
  110  11:03  Lurker Den  
  108  11:06  Brood Lord  
  110  11:15  Hatchery  
  101  11:33  Corruptor x4  
  101  11:34  Zergling x6  
  101  11:35  Zergling x16  
  101  11:36  Zergling x12  
  120  11:48  Brood Lord x2  
  120  11:50  Zergling x6  
  126  12:03  Hydralisk  
  126  12:05  Zergling x4  
  126  12:06  Zergling x2  
  126  12:07  Adrenal Glands  
  131  12:24  Brood Lord  
  133  12:37  Nydus Canal  
  133  12:42  Evolution Chamber  
  132  12:44  Evolution Chamber  
  132  12:45  Hydralisk x3  
  132  12:46  Extractor, Hydralisk x3  
  132  12:47  Extractor  
  132  12:48  Evolution Chamber  
  134  13:17  Burrow  
  134  13:18  Brood Lord x3  
  131  13:21  Drone x5  
  131  13:22  Drone x2  
  134  13:31  Lurker x2  
  134  13:32  Lurker x2  
  138  13:40  Grooved Spines  
  138  13:44  Nydus Canal  
  138  13:47  Zergling x2  
  138  13:48  Zergling x14  
  143  13:49  Zergling x14  
  148  14:43  Brood Lord x2  
  148  14:45  Hydralisk x3  
  151  14:46  Hydralisk x8  
  151  14:47  Hydralisk x5  
  151  14:50  Zerg Melee Weapons Level 1  
  179  14:53  Zerg Missile Weapons Level 1, Zerg Ground Armor Level 1  
  178  15:24  Overseer x3  
  178  15:41  Nydus Canal  
  122  16:24  Hydralisk  
  122  16:25  Hydralisk x4  
  124  16:26  Hydralisk x7  
  124  16:27  Hydralisk x8  
  124  16:28  Hydralisk  
  161  16:43  Hydralisk x5  
  143  16:55  Hatchery  
  128  17:13  Corruptor  
  128  17:14  Corruptor x5  
  128  17:15  Corruptor x7  
  141  17:24  Zerg Missile Weapons Level 2  
  141  17:35  Spine Crawler  
  140  17:37  Spine Crawler  
  139  17:45  Spine Crawler  
  139  17:48  Spine Crawler  
  139  17:50  Spine Crawler  
  136  17:53  Overseer  
  136  17:59  Hydralisk  
  136  18:00  Hydralisk x7  
  136  18:01  Hydralisk x4  
  160  18:15  Hatchery  
  160  18:32  Lurker  
  161  18:34  Lurker  
  161  18:35  Lurker x2  
  164  18:49  Zerg Melee Weapons Level 2  
  164  19:00  Hatchery  
  164  19:02  Zergling x2  
  164  19:03  Zergling x8  
  164  19:04  Overlord  
  164  19:05  Overlord x4  
  164  19:06  Overlord x3  
  164  19:09  Zerg Ground Armor Level 2  
  168  19:34  Nydus Canal  
  166  20:04  Corruptor x2  
  166  20:05  Corruptor x3  
  173  20:18  Corruptor  
  173  20:20  Zergling x8  
  173  20:21  Zergling x16  
  181  20:22  Zergling x2  
  170  20:28  Zergling x2  
  142  20:53  Hydralisk x2  
  142  20:54  Hydralisk x6  
  142  20:55  Hydralisk  
Show
View Real Time Build Order
Export as new Build Order

qqq Zerg - Winner!

Build Orders: Hatch First 

Get SALT Encoding   

  12  0:01  Drone  
  13  0:08  Drone  
  14  0:31  Overlord  
  14  0:45  Hatchery  
  14  0:48  Drone  
  14  0:51  Drone  
  14  0:55  Drone  
  16  1:02  Drone  
  17  1:19  Spawning Pool  
  17  1:21  Extractor  
  15  1:32  Drone  
  15  1:33  Drone x2  
  18  1:54  Drone  
  18  1:59  Drone  
  19  2:20  Drone  
  19  2:21  Drone x2, Queen  
  24  2:23  Queen  
  24  2:25  Overlord  
  24  2:26  Overlord  
  26  2:33  Drone  
  26  2:34  Zergling x2  
  28  2:37  Metabolic Boost  
  28  2:49  Zergling x4  
  30  2:54  Roach Warren  
  30  2:55  Drone  
  30  2:57  Drone  
  31  3:04  Drone  
  32  3:09  Zergling x2  
  32  3:10  Zergling x2  
  34  3:17  Lair  
  34  3:22  Drone  
  34  3:23  Drone  
  36  3:34  Roach  
  36  3:35  Drone  
  39  3:43  Roach  
  39  3:44  Overlord  
  41  3:52  Overlord, Roach  
  41  3:54  Drone  
  44  4:11  Spine Crawler  
  44  4:12  Spine Crawler  
  44  4:14  Drone  
  44  4:15  Drone x3  
  46  4:20  Extractor  
  46  4:21  Extractor  
  44  4:24  Drone x4  
  44  4:25  Drone  
  44  4:27  Zergling x2  
  50  4:38  Drone x2  
  52  4:52  Spire  
  51  4:55  Spore Crawler  
  51  4:56  Drone x2  
  51  4:57  Spore Crawler  
  51  4:59  Overlord x3  
  51  5:01  Drone  
  51  5:05  Extractor  
  51  5:09  Infestation Pit  
  51  5:10  Drone  
  51  5:11  Drone  
  52  5:19  Drone x3  
  55  5:31  Hatchery  
  55  5:32  Drone x2  
  55  5:33  Drone  
  57  5:46  Drone  
  57  5:48  Hive  
  58  5:52  Drone x2  
  58  5:53  Drone  
  61  6:07  Mutalisk x3  
  61  6:08  Mutalisk  
  69  6:26  Mutalisk x2  
  69  6:29  Hatchery  
  72  6:35  Overlord  
  72  6:36  Overlord  
  72  6:39  Zerg Flyer Weapons Level 1  
  72  6:43  Overlord  
  72  6:44  Drone  
  72  6:45  Queen  
  75  6:59  Drone  
  75  7:00  Mutalisk x2  
  80  7:04  Mutalisk  
  82  7:15  Mutalisk  
  82  7:17  Drone x2  
  86  7:27  Drone x3  
  86  7:28  Mutalisk  
  91  7:31  Zergling x10  
  91  7:32  Drone  
  97  7:46  Viper  
  97  7:47  Baneling Nest  
  97  7:48  Drone  
  97  7:49  Drone  
  101  7:57  Drone x2  
  103  8:08  Mutalisk x2  
  103  8:10  Zergling x10  
  112  8:14  Extractor  
  112  8:15  Extractor, Overlord  
  112  8:16  Extractor, Overlord  
  112  8:17  Drone x4, Extractor  
  112  8:34  Corruptor  
  112  8:35  Mutalisk, Corruptor  
  112  8:37  Zergling x2  
  112  8:40  Baneling x3  
  112  8:41  Baneling  
  119  8:52  Drone x3  
  122  8:59  Drone x3  
  123  9:17  Mutalisk x2  
  124  9:44  Mutalisk x2  
  122  9:47  Overlord x4  
  122  9:48  Overlord x3  
  120  10:04  Baneling x2  
  120  10:05  Hatchery, Baneling x3  
  120  10:06  Baneling x17  
  119  10:07  Mutalisk  
  119  10:08  Mutalisk  
  119  10:09  Drone x4  
  119  10:10  Drone x4  
  119  10:13  Hatchery  
  130  10:15  Hatchery  
  129  10:29  Drone x4  
  129  10:31  Mutalisk x3  
  129  10:32  Mutalisk x3  
  145  10:42  Mutalisk x2  
  137  11:00  Evolution Chamber  
  137  11:01  Zerg Flyer Weapons Level 2  
  137  11:03  Drone x2, Ultralisk Cavern, Evolution Chamber  
  137  11:04  Drone, Mutalisk  
  102  11:38  Corruptor x6  
  94  11:47  Drone  
  94  11:48  Drone x7  
  94  11:49  Drone x3, Viper  
  94  11:52  Mutalisk  
  107  12:01  Zergling x4  
  107  12:02  Drone x2, Zergling x4  
  107  12:03  Zergling x2  
  107  12:07  Zerg Melee Weapons Level 1  
  111  12:15  Spore Crawler  
  110  12:18  Spine Crawler  
  110  12:20  Drone x5  
  110  12:21  Drone  
  110  12:22  Spore Crawler  
  114  12:23  Spine Crawler  
  114  12:26  Spine Crawler  
  114  12:27  Drone x2, Spine Crawler  
  114  12:28  Mutalisk, Corruptor  
  114  12:29  Corruptor  
  119  12:31  Ultralisk  
  119  12:34  Zerg Ground Armor Level 1  
  125  12:41  Baneling x7  
  125  12:46  Drone x5  
  127  13:17  Zerg Flyer Armor Level 1  
  125  13:21  Centrifical Hooks  
  125  13:23  Ultralisk x2, Corruptor x3  
  141  13:34  Spine Crawler  
  140  13:38  Spine Crawler  
  140  13:39  Spine Crawler  
  138  13:45  Drone x3  
  138  13:46  Drone x7  
  138  13:47  Drone x2  
  150  13:49  Mutalisk  
  150  13:50  Mutalisk, Spine Crawler  
  150  13:51  Corruptor  
  150  13:52  Spine Crawler, Viper  
  150  13:53  Ultralisk  
  161  14:16  Spore Crawler  
  156  14:18  Spine Crawler  
  156  14:22  Spine Crawler  
  153  14:25  Spine Crawler  
  153  14:28  Spine Crawler  
  151  14:37  Mutalisk x3  
  151  14:38  Mutalisk x4, Spine Crawler  
  154  14:39  Drone x2  
  154  14:40  Drone  
  154  14:42  Spine Crawler  
  152  14:45  Anabolic Synthesis  
  150  14:55  Drone x2  
  150  14:56  Drone  
  153  15:04  Queen  
  155  15:15  Ultralisk  
  161  15:25  Zergling x2  
  161  15:26  Zergling x14  
  161  15:27  Ultralisk  
  161  15:28  Ultralisk  
  181  15:29  Drone x3  
  130  16:02  Ultralisk x3  
  148  16:11  Ultralisk Cavern  
  135  16:14  Roach x2  
  135  16:15  Roach x5  
  139  16:21  Spire  
  139  16:22  Drone x6  
  142  16:30  Lair  
  141  16:34  Spine Crawler  
  141  16:35  Spine Crawler  
  141  16:39  Zergling x2  
  137  16:40  Zergling x6  
  137  16:41  Drone x2, Evolution Chamber x2  
  137  16:47  Spine Crawler x2  
  132  16:48  Spore Crawler  
  130  17:05  Hatchery  
  129  17:19  Drone x6  
  129  17:21  Ultralisk x3  
  129  17:22  Ultralisk x2  
  165  17:39  Spawning Pool  
  165  17:40  Zerg Melee Weapons Level 2  
  165  17:41  Zerg Ground Armor Level 2  
  165  17:42  Chitinous Plating  
  164  17:46  Corruptor x2  
  168  17:54  Overlord x4  
  168  18:09  Extractor  
  168  18:10  Extractor  
  168  18:12  Spine Crawler  
  165  18:13  Spore Crawler  
  165  18:14  Hatchery  
  165  18:15  Spine Crawler  
  162  18:47  Ultralisk x5  
  192  18:49  Overlord  
  192  18:50  Zergling x6  
  192  18:52  Drone  
  196  18:56  Drone x3  
  199  19:09  Zergling x2  
  200  19:24  Drone  
  147  20:27  Ultralisk x3  
  147  20:28  Ultralisk x5  
  187  20:29  Drone  
  187  20:30  Drone x2  
  188  20:43  Ultralisk  
  188  20:44  Zergling x4  
  188  20:45  Zergling x10  
  188  20:47  Overseer x2  
Show
View Real Time Build Order
Export as new Build Order

Massa Terran - Winner!

Build Orders: Reaper Expand 

Get SALT Encoding   

  12  0:01  SCV  
  13  0:13  SCV  
  14  0:22  Supply Depot  
  14  0:25  SCV  
  15  0:38  Refinery  
  15  0:43  SCV  
  15  0:45  Barracks  
  16  0:55  SCV  
  17  1:08  SCV  
  18  1:20  SCV  
  19  1:35  Reaper, Command Center  
  20  1:42  Orbital Command  
  20  2:07  Marine  
  21  2:10  Factory, Supply Depot  
  21  2:12  SCV  
  22  2:24  SCV  
  23  2:30  Supply Depot  
  23  2:31  Marine  
  24  3:25  Factory Tech Lab, Barracks Tech Lab  
  23  3:29  Orbital Command  
  23  3:31  SCV  
  23  3:32  Starport  
  24  3:36  Barracks  
  24  3:43  SCV, Engineering Bay  
  24  3:46  Command Center  
  25  3:49  Siege Tank  
  25  3:50  Marine  
  25  3:55  SCV  
  30  3:57  SCV  
  31  4:07  SCV  
  31  4:08  Marine  
  31  4:09  SCV  
  34  4:15  Bunker  
  34  4:26  Marauder  
  36  4:35  Barracks Reactor  
  36  4:39  Missile Turret  
  36  4:42  Missile Turret  
  36  4:44  Missile Turret  
  36  4:46  Missile Turret  
  36  4:47  Marine  
  37  4:53  Refinery  
  37  4:56  Missile Turret  
  37  5:01  SCV x3  
  37  5:02  Missile Turret  
  37  5:06  Marauder  
  42  5:10  Medivac  
  44  5:20  Barracks  
  44  5:21  Refinery  
  44  5:27  Marauder, Marine x2  
  48  5:33  Widow Mine  
  50  5:38  SCV x3  
  53  5:44  Marine  
  53  5:45  Marine  
  53  5:48  Marine  
  56  5:50  SCV x3  
  56  5:55  Siege Tank  
  62  6:01  Medivac  
  62  6:02  SCV x3, Marine x2  
  69  6:18  Terran Infantry Weapons Level 1, Supply Depot  
  69  6:19  Supply Depot  
  69  6:20  Supply Depot  
  69  6:21  Refinery  
  69  6:33  Barracks Tech Lab  
  69  6:37  Stimpack  
  69  6:39  SCV x2, Marine x2  
  75  6:40  Marauder  
  75  6:42  SCV  
  75  6:43  Supply Depot  
  75  6:45  Supply Depot  
  76  6:51  SCV x2, Armory  
  76  6:52  Combat Shield  
  78  6:57  Marine  
  82  7:01  Marauder  
  82  7:04  SCV x2  
  83  7:22  Starport Reactor, Marauder  
  85  7:23  Marauder, Marine  
  85  7:24  Marine  
  85  7:28  Widow Mine  
  91  7:41  Marine  
  91  7:42  Marine  
  91  7:44  Marauder x2  
  95  7:46  Command Center  
  95  7:49  Planetary Fortress  
  95  7:50  SCV  
  95  7:51  SCV  
  99  7:59  Marine x2  
  99  8:02  SCV  
  99  8:03  SCV  
  99  8:05  Marauder  
  105  8:06  Marauder  
  105  8:11  Concussive Shells  
  107  8:20  Widow Mine  
  109  8:27  Terran Infantry Weapons Level 2  
  109  8:31  Engineering Bay  
  109  8:34  Supply Depot  
  109  8:36  Supply Depot  
  109  8:38  Terran Vehicle And Ship Armor Level 1  
  109  8:49  Barracks  
  109  8:55  Marine x2  
  109  8:56  Widow Mine, Marauder x2  
  109  8:57  Medivac x2, Supply Depot  
  109  8:59  Supply Depot  
  109  9:01  SCV x3  
  124  9:13  SCV x3  
  127  9:20  Missile Turret  
  127  9:21  Missile Turret x2  
  127  9:22  Missile Turret  
  127  9:44  Planetary Fortress  
  127  9:51  Medivac x2  
  131  9:53  Marauder x2  
  131  9:54  Terran Infantry Armor Level 1  
  131  9:57  Marine x3  
  138  10:01  SCV x2  
  138  10:02  SCV  
  138  10:03  Refinery  
  141  10:12  Refinery  
  141  10:13  SCV  
  141  10:14  SCV x2, Marauder  
  144  10:15  Marauder  
  148  10:21  Medivac x2  
  148  10:22  Marine  
  148  10:23  Barracks Reactor  
  148  10:25  Marine  
  148  10:26  SCV x2  
  156  10:32  Terran Vehicle Weapons Level 1  
  156  10:33  SCV, Barracks  
  156  10:34  Barracks  
  153  10:36  Marauder  
  153  10:39  Marine  
  156  10:45  Marine  
  156  10:46  Marauder  
  154  10:57  Marauder  
  156  11:20  Marine x2  
  156  11:21  Marauder x2  
  156  11:22  Siege Tank  
  152  11:32  Marine x2  
  147  11:38  Marine x2  
  144  11:42  Marauder x2, Medivac x2  
  144  11:47  Barracks Reactor, Barracks Tech Lab  
  141  11:48  Terran Infantry Weapons Level 3  
  141  11:50  Marine x2  
  141  11:52  Missile Turret  
  131  11:54  Siege Tank  
  131  11:56  Refinery, Marine x2  
  131  11:58  Refinery  
  133  12:03  Marauder x2  
  133  12:06  Marine  
  133  12:08  Marine x2  
  139  12:12  Viking x2  
  139  12:14  Marine x2, Ghost Academy  
  146  12:24  Marine  
  146  12:25  Marauder x2, Marine  
  146  12:26  Marine  
  153  12:36  Command Center  
  153  12:42  Marauder, Marine  
  153  12:44  Missile Turret  
  156  12:51  Supply Depot  
  156  12:53  Supply Depot  
  156  12:56  Marine  
  156  12:59  Marine x2  
  156  13:04  Marauder  
  156  13:05  Missile Turret  
  155  13:07  Marauder x2  
  155  13:08  Terran Vehicle And Ship Armor Level 2  
  155  13:09  Terran Infantry Armor Level 2  
  153  13:13  Personal Cloaking  
  153  13:14  Supply Depot  
  153  13:17  Marine x5, Supply Depot  
  153  13:18  Marine  
  159  13:25  Marauder, Siege Tank  
  163  13:27  Missile Turret  
  163  13:28  Marauder  
  163  13:29  Marauder  
  163  13:30  Factory  
  167  13:38  Supply Depot  
  167  13:44  SCV x2  
  167  13:45  SCV x2  
  167  13:46  Ghost  
  167  13:47  Planetary Fortress  
  173  13:49  Ghost, Missile Turret  
  173  13:50  Marauder  
  177  13:56  SCV x2  
  177  13:57  SCV x2, Siege Tank  
  177  14:01  Supply Depot  
  184  14:08  SCV x2  
  184  14:09  SCV  
  187  14:11  Ghost  
  187  14:15  Ghost  
  191  14:19  Factory Tech Lab  
  191  14:25  SCV  
  191  14:26  SCV x4  
  191  14:29  Siege Tank  
  197  15:15  Neosteel Armor  
  197  15:23  Terran Vehicle Weapons Level 2  
  170  15:50  Siege Tank x2  
  170  15:51  Marauder x3, Marine  
  127  16:07  Marine  
  127  16:08  Marine x4  
  127  16:09  Marine  
  131  16:12  Marauder  
  131  16:13  Marauder x2  
  137  16:22  Factory, Siege Tank x2  
  137  16:25  Marine  
  143  16:26  Marine x4  
  143  16:27  Factory, Marine  
  149  16:34  Marauder x3  
  153  16:40  Supply Depot  
  153  16:41  Supply Depot  
  153  16:42  Supply Depot  
  153  16:43  Marine  
  153  16:44  Marine x4  
  153  16:45  Marine  
  149  16:54  Siege Tank  
  149  16:55  Marauder  
  149  16:56  Marauder x2  
  149  17:01  Marine x3  
  155  17:02  Marine x3  
  155  17:03  Supply Depot  
  155  17:04  Supply Depot  
  155  17:05  Supply Depot  
  161  17:16  Marauder, Marine x2  
  161  17:21  Marine x5  
  170  17:23  Factory Tech Lab x2  
  170  17:25  Thor  
  170  17:26  Thor  
  182  17:35  Marauder x2  
  182  17:36  Medivac x2  
  190  17:38  Marauder  
  190  17:41  Marine x2  
  190  17:42  Marine x4  
  198  17:45  Terran Infantry Armor Level 3  
  198  17:46  Hi-Sec Auto Tracking  
  198  17:47  Terran Vehicle And Ship Armor Level 3  
  198  17:56  Marauder  
  200  18:51  Command Center  
  200  19:41  Smart Servos  
  200  19:42  Drilling Claws  
  162  20:37  Marine  
  162  20:38  Marine  
  161  20:44  Marauder  
  161  20:49  Siege Tank  
  162  20:50  Siege Tank  
  162  20:57  Marine  
  162  21:04  Barracks x2  
  160  21:05  Barracks x2  
  160  21:06  Barracks  
  160  21:09  Barracks  
Tags
 
Add a new tag
Caveats
  • Supply blocks, unpowered buildings, or Contaminate may cause inaccurate times.
  • Supply counts are checked every 10 seconds.